 Dungeon Crawl Stone Soup version 0.29.0-4-gdea44cf6ec (webtiles) character file.

Game seed: 16986868662552230269

508 qw the Chopper (level 7, -14/43 HPs)
             Began as a Gargoyle Fighter on Sept 8, 2022.
             Demolished by an ogre
             ... wielding a +0 giant club
              (21 damage)
             ... on level 4 of the Dungeon.
             The game lasted 00:01:40 (3251 turns).

qw the Chopper (Gargoyle Fighter)                   Turns: 3251, Time: 00:01:41

Health: -14/43     AC: 16    Str: 22    XL:     7   Next: 18%
Magic:  7/7        EV:  7    Int:  8    God:
Gold:   153        SH:  4    Dex:  9    Spells: 6/6 levels left

rFire   . . .      SeeInvis .   Y - +1 war axe
rCold   . . .      Faith    .   c - +0 buckler
rNeg    + . .      Spirit   .   p - +0 chain mail
rPois   inf        Reflect  .   a - +1 hat
rElec   +          Harm     .   (no cloak)
rCorr   .          Rampage  .   n - +0 pair of gloves
Will    .....                   (no boots)
Stlth   ..........              (no amulet)
HPRegen 0.14/turn               (no ring)
MPRegen 0.10/turn               (no ring)

@: weakened
A: sickness immunity, AC +4, negative energy resistance 1, electricity
resistance, torment resistance 1, petrification resistance
a: no special abilities


You were on level 4 of the Dungeon.
You visited 1 branch of the dungeon, and saw 4 of its levels.

You collected 153 gold pieces.


Innate Abilities, Weirdness & Mutations

You are immune to sickness and miasma.
Your stone body is resilient. (AC +4)
You are immune to poison.
You resist negative energy. (rN+)
You are resistant to electric shocks. (rElec)
You are resistant to unholy torment.
You are immune to petrification.


   Skills:
 - Level 4.1 Fighting
 + Level 6.4 Axes
 - Level 3.2 Armour
 - Level 1.1 Dodging
 - Level 3.2 Shields


You had 6 spell levels left.
You didn't know any spells.
Your spell library was empty.

Inventory:

Hand Weapons
 b - a +0 flail
 Y - a +1 war axe (weapon)
Armour
 a - a +1 hat (worn)
 c - a +0 buckler (worn)
 f - the +0 scale mail of the Saviour {rPois rN+ SInv Stlth+}
   (You found it on level 4 of the Dungeon)

   rPois:     It protects you from poison.
   rN:        It protects you from negative energy.
   SInv:      It lets you see invisible.
   Stlth:     It makes you more stealthy.
 n - a +0 pair of gloves (worn)
 p - a +0 chain mail (worn)
Wands
 q - a wand of digging (1)
Scrolls
 g - a scroll of teleportation {unknown}
 l - a scroll of identify
Potions
 d - a potion of might
 e - 2 potions of haste
 h - a potion of heal wounds {unknown}
 i - a potion of attraction
 k - a potion of curing
 o - a potion of lignification {unknown}
 r - a potion of mutation {unknown}

Dungeon Overview and Level Annotations

Branches:
Dungeon (4/15)
 Temple: D:4-7

Altars:


Message History

The gnoll bouda calls upon its god to heal the gnoll.
The gnoll is healed somewhat.
The phantom hits you. The gnoll hits you but does no damage.
You slash the phantom!
You destroy the phantom!
You barely miss the gnoll bouda. You closely miss the gnoll.
You slash the ogre! The gnoll closely misses you.
The gnoll bouda hits you with a +0 whip.
You block the gnoll's attack. The ogre hits you but does no damage.
The gnoll hits you but does no damage.
You hit the ogre.
The ogre is moderately wounded.
You hit the gnoll bouda but do no damage.
You hit the gnoll. The gnoll hits you but does no damage.
The gnoll bouda calls upon its god to heal the gnoll.
The gnoll is healed somewhat.
The gnoll barely misses you. The ogre hits you but does no damage.
You slash the ogre!
The ogre is almost dead.
You slash the gnoll bouda! You barely miss the gnoll.
You block the gnoll bouda's attack. The gnoll completely misses you.
The gnoll barely misses you.
You hit the ogre.
The ogre is almost dead.
You closely miss the gnoll. You completely miss the gnoll bouda.
The gnoll barely misses you.
The gnoll bouda hits you with a +0 whip.
The ogre barely misses you. You block the gnoll's attack.
You barely miss the ogre.
The ogre is almost dead.
You hit the gnoll bouda but do no damage.
You closely miss the gnoll.
Your attacks no longer feel as feeble.
The gnoll bouda gazes fiercely through you!
You feel your attacks grow feeble.
The gnoll bouda hits you but does no damage.
The gnoll closely misses you. The gnoll hits you but does no damage.
The ogre hits you with a +0 giant club!!
You die...

.. .. ## 8. ## #####.####
..#. ..##.....#.. .#.
#..#.#..#..# .. #........ #
#.###.......######
#.#.##.#....#.O#.......
......g..).%#.g@..#
#.#.....##)..gg##.#####
#....#.###.......%....#
#..#........##....###.####
...........#####...##....##
.>##...##### ##..#####..##
# #... ##.## ##..##### ....
#..######...... #...g
######..........####


You could see an ogre, a gnoll bouda and 2 gnolls.

Vanquished Creatures
  Sigmund (D:2)
  A phantom (D:4)
  A scorpion (D:3)
  A hound (D:4)
  An iguana (D:4)
  2 gnolls (D:4)
  5 adders
  A worm (D:2)
  A dart slug (D:2)
  6 orcs
  9 ball pythons
  8 endoplasms
  6 giant cockroaches
  4 goblins
  6 hobgoblins
  2 jackals (D:1)
  5 kobolds
  2 quokkas (D:1)
  6 bats
  3 frilled lizards
  9 rats
80 creatures vanquished.

Notes
Turn   | Place    | Note
-------+----------+-------------------------------------------
     0 | D:1      | qw the Gargoyle Fighter began the quest for the Orb.
     0 | D:1      | Reached XP level 1. HP: 14/14 MP: 1/1
     0 | D:1      | 0 ||| qw: Version: 0.1-a-112-g44dc6cd
     0 | D:1      | 0 ||| qw: Game counter: 6774
     0 | D:1      | 0 ||| qw: Always use a shield: true
     0 | D:1      | 0 ||| qw: God list: Okawaru
     0 | D:1      | 0 ||| qw: Allow faded altars: false
     0 | D:1      | 0 ||| qw: Do Orc after D:15 true
     0 | D:1      | 0 ||| qw: Do second Lair branch before Depths: true
     0 | D:1      | 0 ||| qw: Lair rune preference: random
     0 | D:1      | 0 ||| qw: Plans: Normal, Zot, God:TSO, Crypt, Tomb, Zig,
                  | Orb
     0 | D:1      | 0 ||| PLANNING D:1-11
    28 | D:1      | Reached skill level 2 in Axes
    84 | D:1      | Reached XP level 2. HP: 19/19 MP: 2/2
   355 | D:1      | Reached skill level 3 in Axes
   366 | D:1      | Reached XP level 3. HP: 22/23 MP: 3/3
   375 | D:1      | 375 ||| Stepping ~*~*~tactically~*~*~ (stealth).
   377 | D:1      | 377 ||| Stepping ~*~*~tactically~*~*~ (stealth).
   394 | D:1      | 394 ||| Stepping ~*~*~tactically~*~*~ (stealth).
   511 | D:1      | Found a faded altar of an unknown god.
   889 | D:1      | 889 ||| DRINKING 2 puce potions.
  1084 | D:2      | Reached XP level 4. HP: 28/28 MP: 4/4
  1450 | D:2      | Reached skill level 4 in Axes
  1473 | D:2      | Noticed Sigmund
  1484 | D:2      | HP: 6/28 [something (2)]
  1487 | D:2      | Killed Sigmund
  1488 | D:2      | Reached skill level 5 in Axes
  1488 | D:2      | Reached XP level 5. HP: 5/32 MP: 5/5
  1488 | D:2      | Reached XP level 6. HP: 6/37 MP: 6/6
  2064 | D:2      | 2064 ||| UPGRADING to +0 pair of gloves.
  2069 | D:2      | 2069 ||| UPGRADING to +0 chain mail.
  2079 | D:2      | 2079 ||| DROPPING +0 scale mail.
  2080 | D:2      | 2080 ||| READING 2 scrolls labelled NUECAJ HIRA.
  2081 | D:2      | 2081 ||| READING 4 scrolls labelled DADEC MUXIMAOBIZXU.
  2082 | D:2      | 2082 ||| READING scroll labelled GOCEXO CUDAM.
  2083 | D:2      | 2083 ||| DRINKING 2 fizzy emerald potions.
  2084 | D:2      | 2084 ||| READING 3 scrolls of identify.
  2084 | D:2      | 2084 ||| IDENTIFYING silvery potion
  2085 | D:2      | 2085 ||| READING 2 scrolls of identify.
  2085 | D:2      | 2085 ||| IDENTIFYING blue potion
  2086 | D:2      | 2086 ||| DROPPING scroll of immolation.
  2087 | D:2      | 2087 ||| DROPPING potion of brilliance.
  2088 | D:2      | 2088 ||| DROPPING potion of berserk rage.
  2124 | D:3      | 2124 ||| DROPPING +0 club.
  2806 | D:3      | 2806 ||| UPGRADING to +1 hat.
  2811 | D:3      | 2811 ||| READING scroll labelled OGOANO XOLOOMM.
  2812 | D:3      | 2812 ||| READING 2 scrolls labelled ATOTHI POKEOLA.
  2873 | D:3      | 2873 ||| READING 2 scrolls labelled QAKHOME WEGOECS.
  2874 | D:3      | 2874 ||| READING scroll labelled KASHUT HODOSIXT.
  2975 | D:3      | 2975 ||| READING 2 scrolls labelled YNAENO HETIVIS.
  2976 | D:3      | 2976 ||| DRINKING 2 golden potions.
  2977 | D:3      | 2977 ||| DROPPING scroll of torment.
  2978 | D:3      | 2978 ||| DROPPING scroll of noise.
  2979 | D:3      | 2979 ||| DROPPING scroll of amnesia.
  2995 | D:4      | 2995 ||| STAIRDANCE
  3085 | D:4      | 3085 ||| Stepping ~*~*~tactically~*~*~ (stealth).
  3090 | D:4      | Reached skill level 6 in Axes
  3154 | D:4      | Identified the +0 scale mail of the Saviour {rPois rN+ SInv
                  | Stlth+}
  3221 | D:4      | 3221 ||| Stepping ~*~*~tactically~*~*~ (hiding).
  3224 | D:4      | 3224 ||| Stepping ~*~*~tactically~*~*~ (hiding).
  3225 | D:4      | 3225 ||| Stepping ~*~*~tactically~*~*~ (hiding).
  3227 | D:4      | 3227 ||| Stepping ~*~*~tactically~*~*~ (hiding).
  3229 | D:4      | 3229 ||| Stepping ~*~*~tactically~*~*~ (hiding).
  3230 | D:4      | 3230 ||| Stepping ~*~*~tactically~*~*~ (hiding).
  3231 | D:4      | 3231 ||| Stepping ~*~*~tactically~*~*~ (hiding).
  3235 | D:4      | Reached skill level 1 in Dodging
  3235 | D:4      | Reached XP level 7. HP: 36/43 MP: 7/7
  3246 | D:4      | HP: 9/43 [phantom (3)]
  3251 | D:4      | Demolished by an ogre

Levels and vault maps discovered:
D:1:      mrwooster_arrival_statue, layout_basic,
          nicolae_ecumenical_snake_handling, st_stairs_10, minmay_tiny_reverse_x
D:2:      layout_loops_corners, glass_columns_a, kennysheep_flooded_box,
          uniq_sigmund
D:3:      layout_rooms
D:4:      kennysheep_spiral_hall, layout_rooms, lemuel_temple_firewalk_b,
          minivault_4

Skill      XL: |  1  2  3  4  5  6 |
---------------+-------------------+-----
Axes           | 2 3 5 6 |  6.4
Fighting       | 4 |  4.1
Dodging        | 1 |  1.1
Armour         | |  3.2
Shields        | |  3.2

Action                   |  1- 3 |  4- 6 |  7- 9 || total
-------------------------+-------+-------+-------++-------
Melee: War axe           |   138 |   147 |    17 ||   302
  Use: Potion            |     1 |     2 |       ||     3
       Scroll            |       |    10 |       ||    10
Armor: Scale mail        |    78 |    15 |       ||    93
       Chain mail        |       |    62 |    22 ||    84
Dodge: Dodged            |    61 |    37 |    15 ||   113
Block: Buckler           |    34 |    35 |     4 ||    73

Table legend:
 A = Non-vault XP
 B = Vault XP
 C = Vault XP percentage of total XP
 D = Non-vault monster count
 E = Vault monster count
 F = Vault count percentage of total count
                 A         B        C        D         E       F
            +---------+---------+-------+---------+---------+-------
      Total |     476 |     251 |  34.5 |      71 |       9 |  11.2
            +---------+---------+-------+---------+---------+-------
        D:1 |      50 |      12 |  19.4 |      28 |       8 |  22.2
        D:2 |      46 |     239 |  83.9 |      12 |       1 |   7.7
        D:3 |     130 |       0 |   0.0 |      18 |       0 |   0.0
        D:4 |     250 |       0 |   0.0 |      13 |       0 |   0.0
            +---------+---------+-------+---------+---------+-------
